 Dungeon Crawl Stone Soup version 0.30.1-11-g7821555f0a (webtiles) character file.

Game seed: 17371251781696216601

6815 Gumption the Zephyrmancer (level 10, -1/88 HPs)
             Began as a Pale Draconian Air Elementalist on Dec 13, 2023.
             Was a Priest of Makhleb.
             Slain by a two-headed ogre
             ... wielding a +0 giant club
              (34 damage)
             ... on level 10 of the Dungeon.
             The game lasted 00:50:08 (12902 turns).

Gumption the Zephyrmancer (DrAE)                   Turns: 12902, Time: 00:50:10

Health: -1/88      AC:  9    Str: 11    XL:     10   Next: 77%
Magic:  8/38       EV: 12    Int: 20    God:    Makhleb [***...]
Gold:   634        SH:  0    Dex: 11    Spells: 16/23 levels left

rFire   . . .        a - +3 short sword (elec)
rCold   . . .        (no shield)
rNeg    . . .        (body armour unavailable)
rPois   .            (helmet restricted)
rElec   .            u - +1 cloak
rCorr   .            (no gloves)
SInv    .            (no boots)
Will    .....        y - amulet of faith
Stlth   ++           B - ring of magical power
HPRegen 0.34/turn    p - ring of magical power
MPRegen 0.26/turn

%: faith
@: no status effects
A: breathe steam, AC +7, unfitting armour, cold-blooded, steam resistance
a: Breathe Steam, Renounce Religion, Minor Destruction, Lesser Servant of
Makhleb


You were on level 10 of the Dungeon.
You worshipped Makhleb.
Makhleb was most pleased with you.
You visited 2 branches of the dungeon, and saw 11 of its levels.

You collected 634 gold pieces.

Inventory:

Hand Weapons
 a - a +3 short sword of electrocution (weapon)
Missiles
 d - 14 poisoned darts
 t - 9 javelins
 G - 2 throwing nets
Armour
 u - a +1 cloak (worn)
Magical Staves
 z - a staff of fire
Jewellery
 h - a +6 ring of strength
 l - a ring of ice
 p - a ring of magical power (right hand)
 x - a ring of protection from fire
 y - an amulet of faith (around neck)
 B - a ring of magical power (left hand)
 C - an amulet of guardian spirit
 D - a +4 ring of protection
 N - a ring of wizardry
Wands
 i - a wand of digging (4)
 I - a wand of roots (8)
 K - a wand of paralysis (5)
Scrolls
 c - a scroll of immolation
 g - 3 scrolls of teleportation
 j - 2 scrolls of enchant armour
 m - 2 scrolls of amnesia
 n - 3 scrolls of vulnerability
 r - 2 scrolls of brand weapon
 s - 2 scrolls of magic mapping
 v - a scroll of fog
 w - a scroll of fear
 A - 2 scrolls of blinking
 J - a scroll of torment
Potions
 b - a potion of flight
 e - 3 potions of magic
 f - 10 potions of curing
 k - 2 potions of lignification
 o - 2 potions of haste
 q - 6 potions of attraction
 E - a potion of brilliance
 H - 2 potions of might
 L - a potion of mutation


   Skills:
 + Level 8.1 Fighting
 - Level 1.7 Dodging
 - Level 1.7 Stealth
 + Level 7.1 Spellcasting
 + Level 7.4 Conjurations
 + Level 11.0 Air Magic
 + Level 4.3 Invocations


You had 16 spell levels left.
You knew the following spells:

 Your Spells              Type           Power      Damage    Failure   Level
a - Shock                 Conj/Air       100%       1d9       1%          1
b - Static Discharge      Conj/Air       88%        2-6/arc   1%          2
c - Airstrike             Air            25%        2d(4-20)  1%          4

Your spell library contained the following spells:

 Spells                   Type           Power      Damage    Failure   Level
 Swiftness                Air            50%        N/A       1%          3
 Beastly Appendage        Tmut           14%        N/A       10%         1
 Summon Small Mammal      Summ           28%        N/A       10%         1
 Wereblood                Tmut           7%         N/A       14%         2
 Call Canine Familiar     Summ           7%         N/A       28%         3
 Spider Form              Tmut/Pois      7%         N/A       28%         3
 Summon Guardian Golem    Hex/Summ       7%         N/A       28%         3
 Animate Dead             Necr           7%         N/A       67%         4
 Borgnjor's Vile Clutch   Necr/Erth      3%         N/A       95%         5
 Death Channel            Necr           3%         N/A       100%        6
 Malign Gateway           Summ/Tloc      3%         N/A       100%        7
 Summon Horrible Things   Summ           3%         N/A       100%        8


Dungeon Overview and Level Annotations

Branches:
Dungeon (10/15)            Temple (1/1) D:4
   Lair: D:8-11         Orc: D:9-12

Altars:
Ashenzari
Cheibriados
Dithmenos
Elyvilon
Fedhas
Gozag
Hepliaklqana
Kikubaaqudgha
Makhleb
Nemelex Xobeh
Okawaru
Qazlal
Ru
Sif Muna
Trog
Uskayaw
Vehumet
Xom
Yredelemnul
Zin
The Shining One

Shops:
D:4 =   D:6 (

Annotations:
D:5 3 runed translucent doors, mindfreak's ghost, novice DECj


Innate Abilities, Weirdness & Mutations

You can breathe blasts of scalding, opaque steam.
Your pale cyan-grey scales are hard. (AC +7)
You cannot fit into any form of body armour.
You are cold-blooded and may be slowed by cold attacks.
You are immune to the effects of steam.


Message History

The kobold is struck by an arc of lightning.
You kill the kobold!
Makhleb accepts your kill.
The lightning grounds out.
The two-headed ogre hits you with a +0 giant club! x2
Casting: Static Discharge (safe; 1% risk of failure)
Confirm with . or Enter, or press ? or * to list all spells.
The two-headed ogre is struck by an arc of lightning.
The two-headed ogre is severely wounded.
The kobold is struck by an arc of lightning!
You kill the kobold!
Makhleb accepts your kill.
The kobold is struck by an arc of lightning.
You kill the kobold!
Makhleb accepts your kill.
You feel better.
The lightning grounds out.
Casting: Static Discharge (safe; 1% risk of failure)
Confirm with . or Enter, or press ? or * to list all spells.
The two-headed ogre is struck by an arc of lightning.
The two-headed ogre is severely wounded.
You are struck by an arc of lightning.
The two-headed ogre is struck by an arc of lightning.
The two-headed ogre is severely wounded.
The kobold is struck by an arc of lightning.
The kobold is heavily wounded.
The lightning grounds out.
The two-headed ogre misses you. The two-headed ogre closely misses you.
Casting: Static Discharge (safe; 1% risk of failure)
Confirm with . or Enter, or press ? or * to list all spells.
The two-headed ogre is struck by an arc of lightning.
The two-headed ogre is severely wounded.
The kobold is struck by an arc of lightning.
You kill the kobold!
Makhleb accepts your kill.
You feel better.
The two-headed ogre is struck by an arc of lightning.
The two-headed ogre is almost dead.
The lightning grounds out.
The two-headed ogre hits you with a +0 giant club!!
You die...

#. # #.#######
###.#.......#
..K#.......# ).....>..#
#)......# #))..#
###O#..# ######
#..@...#
#....####.#.#......
##.##.#....#..#.#.##
#...............# #
#..#.........##.#
########..............
.......................
########...............
#...##...##..###...#


You could see a two-headed ogre.

Vanquished Creatures
  A two-headed ogre (D:9)
  Pikel (D:7)
  A komodo dragon (D:10)
  Sigmund (D:4)
  A wraith (D:9)
  5 yaks
  A wyvern (D:8)
  4 vampire mosquitoes (D:10)
  A steam dragon (D:9)
  Edmund (D:6)
  Menkaure (D:7)
  A black bear (D:7)
  An orc warrior (D:7)
  2 sky beasts
  3 ogres
  7 centaurs
  A kobold brigand (D:10)
  3 bullfrogs
  3 necrophages (D:4)
  A scorpion (D:4)
  11 wights
  4 killer bees (D:10)
  3 howler monkeys
  2 electric eels (D:10)
  A jelly (D:7)
  A gnoll bouda (D:7)
  6 hounds
  A human zombie (D:4)
  An iron imp (D:4)
  An orc priest (D:7)
  2 scorpion zombies
  A sleepcap (D:4)
  Jessica (D:3)
  2 iguanas
  3 orc wizards
  A killer bee zombie (D:5)
  2 mummies (D:4)
  A howler monkey zombie (D:4)
  10 gnolls
  5 adders
  A shadow imp (D:6)
  A white imp (D:8)
  An adder zombie (D:4)
  A worm (D:3)
  3 dart slugs
  25 orcs
  7 endoplasms
  6 giant cockroaches
  5 goblins
  9 hobgoblins
  7 quokkas
  3 ball pythons (D:1)
  7 bats
  A frilled lizard (D:1)
  8 kobolds
  A quokka zombie (D:4)
  10 rats
195 creatures vanquished.

Notes
Turn   | Place    | Note
-------+----------+-------------------------------------------
     0 | D:1      | Gumption the Draconian Air Elementalist began the quest for
                  | the Orb.
     0 | D:1      | Reached XP level 1. HP: 14/14 MP: 3/3
   510 | D:1      | Reached XP level 2. HP: 22/22 MP: 0/5
   566 | D:1      | Learned a level 2 spell: Static Discharge
   953 | D:1      | Reached skill level 1 in Fighting
  1175 | D:1      | Reached XP level 3. HP: 28/28 MP: 2/6
  2181 | D:2      | You fall into a shaft and drop 2 floors!
  2809 | D:3      | Reached XP level 4. HP: 35/35 MP: 7/7
  2903 | D:3      | Noticed Jessica
  3313 | D:3      | Found an opulent altar of Gozag.
  3454 | D:3      | Reached skill level 4 in Air Magic
  3626 | D:3      | Killed Jessica
  3903 | D:4      | Found a staircase to the Ecumenical Temple.
  3912 | Temple   | Entered the Ecumenical Temple
  4137 | Temple   | Became a worshipper of Makhleb the Destroyer
  4221 | D:4      | Reached XP level 5. HP: 35/41 MP: 9/9
  4364 | D:4      | Noticed Sigmund
  4374 | D:4      | Killed Sigmund
  4375 | D:4      | Reached skill level 5 in Air Magic
  4375 | D:4      | Reached XP level 6. HP: 35/51 MP: 9/10
  4467 | D:4      | Learned a level 4 spell: Airstrike
  5059 | D:4      | Your scales start taking on a pale cyan-grey colour.
  5059 | D:4      | Reached skill level 6 in Air Magic
  5059 | D:4      | Reached XP level 7. HP: 57/57 MP: 12/12
  5059 | D:4      | Gained mutation: You are immune to the effects of steam.
                  | [Pale Draconian growth]
  5101 | D:4      | Found Ficsuwkoygg's Jewellery Shop.
  5631 | D:4      | Found an ancient bone altar of Kikubaaqudgha.
  5640 | D:4      | Reached * piety under Makhleb
  5802 | D:4      | Reached skill level 7 in Air Magic
  5987 | D:4      | Found a snail-covered altar of Cheibriados.
  6194 | D:5      | Entered Level 5 of the Dungeon
  6236 | D:5      | Reached XP level 8. HP: 61/67 MP: 14/14
  6477 | D:5      | Found a radiant altar of Vehumet.
  6691 | D:5      | Found a hide-covered altar of Uskayaw.
  7115 | D:5      | Reached skill level 8 in Air Magic
  7197 | D:5      | Reached skill level 5 in Fighting
  7274 | D:5      | Found a runed translucent gate.
  7274 | D:5      | Found a runed translucent gate.
  7274 | D:5      | Found a runed translucent gate.
  7274 | D:5      | Noticed mindfreak's ghost (novice DECj)
  7288 | D:5      | Found a basalt altar of Yredelemnul.
  7762 | D:6      | Reached skill level 5 in Spellcasting
  7762 | D:6      | Reached skill level 5 in Conjurations
  7762 | D:6      | Reached ** piety under Makhleb
  7911 | D:6      | Found Naofaimu's Antique Weapon Shop.
  8004 | D:6      | Noticed Edmund
  8012 | D:6      | Killed Edmund
  8013 | D:6      | Reached XP level 9. HP: 59/74 MP: 16/16
  8102 | D:6      | Found a glowing golden altar of the Shining One.
  8527 | D:6      | Reached skill level 9 in Air Magic
  8870 | D:7      | Noticed Pikel
  8876 | D:7      | Killed Pikel
  9848 | D:7      | Noticed Menkaure
  9851 | D:7      | Killed Menkaure
  9852 | D:7      | Reached skill level 10 in Air Magic
  9909 | D:7      | Found a sacrificial altar of Ru.
 10100 | D:7      | Reached skill level 1 in Invocations
 10476 | D:8      | Reached *** piety under Makhleb
 10477 | D:8      | Reached XP level 10. HP: 17/86 MP: 19/19
 11569 | D:9      | Noticed a two-headed ogre
 11576 | D:9      | Killed a two-headed ogre
 12362 | D:10     | Entered Level 10 of the Dungeon
 12393 | D:10     | Found a shimmering blue altar of Sif Muna.
 12413 | D:10     | Reached skill level 11 in Air Magic
 12889 | D:10     | Noticed a two-headed ogre
 12902 | D:10     | Slain by a two-headed ogre

Illustrated notes

Levels and vault maps discovered:
D:1:      saegor_arrival_simple_a, layout_loops_corners, minmay_tetromino_l2
D:2:      layout_basic
D:3:      layout_loops_ring, mainiacjoe_overflow_six_doors_small, uniq_jessica
D:4:      layout_basic, slow_altar_2, lemuel_mausoleum_altar_kikubaaqudgha,
          minmay_temple_entry_statues_fountains,
          minmay_shop_enchanted_jewellery, uniq_sigmund
D:5:      layout_loops_ring, mainiacjoe_overflow_brackets,
          lemuel_coloured_pillars_altar, nicolae_yredelemnul_ghost_church
D:6:      layout_basic, tso_metal_star, serial_shops, shop,
          kennysheep_big_empty_room, interstate_on_off, uniq_edmund
D:7:      layout_basic, nicolae_ru_path_of_blood, uniq_pikel, uniq_menkaure
D:8:      layout_rooms, amcnicky_mini_corridor_feature, minivault_10,
          dreamdust_wishing_well
D:9:      layout_loops_ring
D:10:     layout_basic, mainiacjoe_overflow_alcove_4, general_overflow_altar,
          kennysheep_boxes
Temple:   nicolae_temple_bog_church

Skill      XL: |  1  2  3  4  5  6  7  8  9 10 |
---------------+-------------------------------+-----
Fighting       | 1 2 3 4 5 7 8 |  8.1
Conjurations   | 2 3 4 5 6 7 |  7.4
Air Magic      | 4 5 6 7 8 10 11 | 11.0
Spellcasting   | 3 4 5 6 7 |  7.1
Invocations    | 2 4 |  4.3
Dodging        | |  1.7
Stealth        | |  1.7

Action                     |  1- 3 |  4- 6 |  7- 9 | 10-12 || total
---------------------------+-------+-------+-------+-------++-------
  Melee: Unarmed           |    17 |       |       |       ||    17
         Tailslap          |     2 |     2 |    12 |       ||    16
         Short sword       |    13 |     9 |    64 |     4 ||    90
         Punch             |     1 |       |       |       ||     1
   Cast: Shock             |    99 |   114 |   123 |     5 ||   341
         Static Discharge  |       |     9 |    44 |    28 ||    81
         Airstrike         |       |       |    73 |    46 ||   119
  Evoke: Wand              |       |       |       |     2 ||     2
    Use: Potion            |       |     2 |       |       ||     2
         Scroll            |       |       |    11 |    11 ||    22
 Armour: Skin              |    18 |     7 |    45 |    14 ||    84
  Dodge: Dodged            |    38 |    11 |    99 |    28 ||   176
